 Dungeon Crawl Stone Soup version 0.24-a0-584-g9d6b971ae4 (webtiles) character file.

Game seed: 16332614092985715598, levelgen mode: deterministic

21948 Leibowitz the Severer (level 12, -4/115 HPs)
             Began as a Minotaur Fighter on Sept 5, 2019.
             Was a Plaything of Xom.
             Killed from afar by a wizard (23 damage)
             ... with a bolt of lightning
             ... on level 10 of the Dungeon on Sept 6, 2019.
             The game lasted 00:42:38 (9401 turns).

Leibowitz the Severer (Minotaur Fighter)            Turns: 9401, Time: 00:42:38

Health: -4/115     AC: 23    Str: 35    XL:     12   Next: 58%
Magic:  20/20      EV:  9    Int:  5    God:    Xom [...*..]
Gold:   942        SH:  0    Dex: 13    Spells: 11/11 levels left

rFire    + . .     SeeInvis .   m - +9 hand axe of Greatest Utility {protect, Str+4 Dex+3}
rCold    + . .     Gourm    .   (no shield)
rNeg     + + .     Faith    .   E - +0 plate armour {rC+}
rPois    .         Spirit   .   (helmet restricted)
rElec    .         Reflect  .   v - +1 cloak of the Last Gods {rN++}
rCorr    .         Harm     .   k - +1 pair of gloves
MR       .....     Rnd*Tele +   (no boots)
Stlth    ..........             z - amulet of magic regeneration
HPRegen  0.00/turn              r - ring of magical power
MPRegen  0.42/turn              A - ring of wizardry

@: mighty, protection aura, non-regenerating, mildly diseased
A: retaliatory headbutt, horns 2, blurry vision 1, deformed body, fire
resistance 1, screaming 1, teleportitis 1, no potion heal 1, MP-powered wands
a: Renounce Religion


You were on level 10 of the Dungeon.
You worshipped Xom.
You were a favourite toy of Xom.
You were hungry.

You visited 2 branches of the dungeon, and saw 11 of its levels.
You visited the Abyss 2 times.

You collected 1155 gold pieces.
You spent 213 gold pieces at shops.

Inventory:

Hand Weapons
 c - the +5 mace "Dytus" {crush, Int+4}
   (You took it off an orc on level 7 of the Dungeon)

   It inflicts extra damage upon your enemies.
   It affects your intelligence (+4).
 m - the +9 hand axe of Greatest Utility (weapon) {protect, Str+4 Dex+3}
   (You took it off an orc on level 8 of the Dungeon)

   It grants its wielder temporary protection when it strikes (+7 to AC).
   It affects your strength (+4).
   It affects your dexterity (+3).
 p - a +1 scimitar of flaming
 x - a +2 war axe of venom
Missiles
 h - 15 javelins (quivered)
 o - 5 silver boomerangs
Armour
 k - a +1 pair of gloves (worn)
 v - the +1 cloak of the Last Gods (worn) {rN++}
   (You found it on level 4 of the Dungeon)

   It greatly protects you from negative energy.
 E - a +0 plate armour of cold resistance (worn)
Jewellery
 r - a ring of magical power (left hand)
 z - an amulet of magic regeneration (around neck)
 A - a ring of wizardry (right hand)
Wands
 q - a wand of disintegration (5)
 t - a wand of flame (21)
 y - a wand of acid (3)
 B - a wand of enslavement (3)
 F - a wand of paralysis (10)
Scrolls
 b - 2 scrolls of amnesia
 d - a scroll of teleportation
 i - 3 scrolls of fog
 j - a scroll of blinking
 l - 11 scrolls of identify
 n - 5 scrolls of remove curse
 u - 3 scrolls of enchant weapon
 w - a scroll of enchant armour
Potions
 e - a potion of agility
 s - 3 potions of curing
Miscellaneous
 D - a phial of floods
Comestibles
 f - 18 rations


   Skills:
 * Level 13.1 Fighting
 * Level 16.0 Axes
 * Level 13.6 Armour
 + Level 1.9 Dodging
   Level 3.6 Shields


You had 11 spell levels left.
You didn't know any spells.
Your spell library contained the following spells:

 Spells                   Type           Power        Failure   Level  Hunger
 Corona                   Hex            #......      65%         1    ##.....
 Magic Dart               Conj           #...         65%         1    ##.....
 Ensorcelled Hibernation  Hex/Ice        #.....       80%         2    ###....
 Poisonous Vapours        Pois/Air       #.....       80%         2    ###....
 Searing Ray              Conj           #.....       80%         2    ###....
 Confuse                  Hex            #.......     95%         3    ####...
 Conjure Flame            Conj/Fire      #.......     95%         3    ####...
 Dazzling Spray           Conj/Hex       #.....       95%         3    ####...
 Mephitic Cloud           Conj/Pois/Air  #.......     95%         3    ####...
 Tukima's Dance           Hex            #.......     95%         3    ####...
 Force Lance              Conj/Tloc      #.......     100%        4    #####..
 Fulminant Prism          Conj/Hex       #.........   100%        4    #####..
 Iskenderun's Mystic Bla  Conj           #.......     100%        4    #####..
 Bolt of Magma            Conj/Fire/Erth #.........   100%        5    ######.
 Iskenderun's Battlesphe  Conj/Chrm      #.......     100%        5    ######.
 Venom Bolt               Conj/Pois      #.........   100%        5    ######.
 Freezing Cloud           Conj/Ice/Air   #.........   100%        6    #######
 Iron Shot                Conj/Erth      #.........   100%        6    #######
 Orb of Destruction       Conj           #.........   100%        7    #######
 Ring of Flames           Chrm/Fire      #.........   100%        7    #######
 Spellforged Servitor     Conj/Summ      #.........   100%        7    #######


Dungeon Overview and Level Annotations

Branches:
Dungeon (10/15)            Temple (1/1) D:4            Lair (0/6) D:9
    Orc (0/2) D:9

Altars:
Ashenzari
Cheibriados
Dithmenos
Elyvilon
Fedhas
Gozag
Hepliaklqana
Kikubaaqudgha
Makhleb
Nemelex Xobeh
Okawaru
Qazlal
Ru
Sif Muna
Trog
Uskayaw
Vehumet
Wu Jian
Xom
Yredelemnul
Zin
The Shining One

Shops:
D:6 *   D:7 =


Innate Abilities, Weirdness & Mutations

You reflexively headbutt those who attack you in melee.
You have a pair of horns on your head.
Scrolls take you a little longer to read.
Armour fits poorly on your strangely shaped body.
Your flesh is heat resistant. (rF+)
You occasionally shout uncontrollably at your foes.
You are occasionally teleported next to monsters.
Potions are less effective at restoring your health.
You expend magic power (3 MP) to strengthen your wands.


Message History

You slash the wizard!
The wizard is heavily wounded.
Your plate armour prevents you from hitting the orc wizard.
The orc wizard gestures at you while chanting.
You easily resist.
You slash the wizard!
The wizard is almost dead.
You slash the orc wizard!
The wizard mumbles some strange words.
The wizard flickers and vanishes!
Deactivating autopickup; reactivate with Ctrl-A.
You hit the orc wizard.
The orc wizard is severely wounded.
You miss something.
The orc wizard mumbles some strange words.
The orc wizard seems to speed up.
You hear some strange, mumbled words.
A bolt of lightning appears from out of thin air!
The bolt of lightning hits you!!
You die...

#.........####.......)
+...[.....'. ........)
#.........# ....#..#
##.).....## #.#.#..#
##)....## #.#....#
##÷<.## #.#.##.# ##'##
#.#.##.# #o# #......#
#######@# ###.....
.......{## #.####
.#####...## #.#
##.....#########.#
#............÷...#
##.....###########
##...## ##.## #.#


You could see an orc wizard.

Vanquished Creatures
  A tentacled starspawn (Abyss:2)
  A cacodemon (Abyss:2)
  An angel (D:10)
  A quicksilver dragon zombie (Abyss:2)
  Erica (D:9)
  A two-headed ogre (D:8)
  A thrashing horror (Abyss:2)
  A wretched star (Abyss:2)
  The ghost of leszekd25 the Reanimator, a novice DsNe of Ashenzari (D:7)
  4 wizards (D:10)
  A moth of wrath (shapeshifter) (Abyss:2)
  3 starcursed masses (Abyss:2)
  A worldbinder (Abyss:2)
  A gargoyle (D:10)
  An apocalypse crab (Abyss:2)
  A rime drake (D:9)
  2 ancient zymes (Abyss:2)
  A raiju (Abyss:2)
  A hornet (D:10)
  Grinder (D:4)
  A wyvern (D:8)
  2 wraiths
  4 hungry ghosts
  13 yaks
  A hog (shapeshifter) (D:7)
  A basilisk (D:9)
  A chaos spawn (Abyss:2)
  A two-headed ogre zombie (D:9)
  A water moccasin (shapeshifter) (D:7)
  A spatial vortex (D:5)
  A soldier ant (D:9)
  2 porcupines (D:9)
  2 water moccasins
  An eye of draining (D:5)
  3 orc warriors
  4 ice beasts
  4 phantoms
  4 ogres
  2 crocodiles (D:9)
  2 centaurs (D:6)
  2 big kobolds
  9 bullfrogs
  A wyvern zombie (D:8)
  A scorpion (D:9)
  2 troll zombies (D:9)
  A wyvern skeleton (D:9)
  2 howler monkeys
  10 crimson imps
  7 small abominations (Abyss:2)
  4 hounds
  A quasit (D:9)
  3 centaur skeletons
  3 jellies
  3 bullfrog skeletons
  10 orc wizards
  9 orc priests
  2 iguanas (D:8)
  Ijyb (D:5)
  10 worker ants
  5 ogre zombies (D:9)
  A hound skeleton (D:8)
  A worker ant zombie (D:10)
  9 adders
  2 shadow imps
  A white imp (D:4)
  An adder zombie (D:6)
  A worm (D:5)
  A dart slug (D:1)
  6 leopard geckos
  39 orcs
  4 bats
  6 giant cockroaches
  5 goblins
  10 hobgoblins
  4 jackals (D:7)
  18 kobolds
  5 quokkas
  5 frilled lizards
  3 goblin skeletons (D:9)
  3 goblin zombies (D:9)
  2 hobgoblin skeletons (D:9)
  A jackal zombie (D:9)
  A leopard gecko skeleton (D:5)
  3 orc skeletons (D:9)
  12 orc zombies (D:9)
  A quokka zombie (D:6)
  6 rats
314 creatures vanquished.

Vanquished Creatures (collateral kills)
  A wizard (D:10)
  An apocalypse crab (Abyss:2)
  A sky beast (D:10)
  A necrophage (D:5)
  An eye of draining (D:5)
  A crimson imp (D:5)
  An ufetubus (Abyss:2)
7 creatures vanquished.

Vanquished Creatures (others)
  A large abomination (Abyss:2)
  A sky beast (Abyss:2)
  An orc wizard (D:3)
  A shadow imp (D:8)
  A quokka (D:10)
  A hobgoblin skeleton (D:9)
  An orc zombie (D:9)
  A plant (D:9)
  10 starspawn tentacles (Abyss:2)
18 creatures vanquished.

Grand Total: 339 creatures vanquished

Notes
Turn   | Place    | Note
-------+----------+-------------------------------------------
     0 | D:1      | Leibowitz the Minotaur Fighter began the quest for the Orb.
     0 | D:1      | Reached XP level 1. HP: 19/19 MP: 0/0
   206 | D:1      | Reached XP level 2. HP: 26/27 MP: 1/1
   602 | D:2      | Reached XP level 3. HP: 25/33 MP: 2/2
   834 | D:2      | Reached skill level 3 in Axes
  1326 | D:2      | Found a hide-covered altar of Uskayaw.
  1522 | D:3      | Reached XP level 4. HP: 41/41 MP: 3/3
  1543 | D:3      | Reached skill level 5 in Armour
  1555 | D:3      | Reached skill level 4 in Axes
  1562 | D:3      | Reached XP level 5. HP: 12/47 MP: 4/4
  1564 | D:3      | Reached skill level 5 in Fighting
  2161 | D:3      | Reached skill level 5 in Axes
  2169 | D:3      | Reached XP level 6. HP: 42/56 MP: 5/5
  2699 | D:4      | Found a staircase to the Ecumenical Temple.
  2733 | Temple   | Entered the Ecumenical Temple
  2778 | Temple   | Became a worshipper of Xom of Chaos
  2884 | D:4      | XOM: harmless Summ miscast
  2892 | D:4      | Reached skill level 6 in Axes
  3111 | D:4      | Got a polished cloak
  3117 | D:4      | Identified the +1 cloak of the Last Gods {rN++} (You found
                  | it on level 4 of the Dungeon)
  3164 | D:4      | Noticed Grinder
  3169 | D:4      | XOM: cast spell 'Summon Small Mammal'
  3169 | D:4      | Paralysed by Grinder for 5 turns
  3176 | D:4      | XOM: divination: detect items
  3181 | D:4      | Killed Grinder
  3181 | D:4      | Reached XP level 7. HP: 55/62 MP: 6/6
  3222 | D:4      | Reached skill level 7 in Axes
  3378 | D:4      | XOM: harmless Chrm miscast
  3526 | D:4      | XOM: give mutations
  3526 | D:4      | Gained mutation: You are robust. (+10% HP) [Xom's grace]
  3526 | D:4      | Gained mutation: You evolve. [Xom's grace]
  3526 | D:4      | Gained mutation: You have sharp toenails. [Xom's grace]
  3526 | D:4      | Gained mutation: You are very robust. (+20% HP) [Xom's
                  | grace]
  3554 | D:5      | Entered Level 5 of the Dungeon
  3562 | D:5      | XOM is BORED!
  3562 | D:5      | XOM: chaos upgrade
  3599 | D:5      | Found a shadowy altar of Dithmenos.
  3628 | D:5      | Reached skill level 8 in Axes
  3663 | D:5      | Reached XP level 8. HP: 81/85 MP: 7/7
  3677 | D:5      | XOM: summons 7 friendly demons
  3753 | D:5      | XOM: mild Fire miscast
  3760 | D:5      | Found a bloodstained altar of Trog.
  3760 | D:5      | XOM: scenery: create altars
  3763 | D:5      | XOM: summons friendly white imp
  3768 | D:5      | Reached skill level 9 in Axes
  3825 | D:5      | Noticed Ijyb
  3848 | D:5      | Killed Ijyb
  3853 | D:5      | XOM: scenery: create altars
  3926 | D:5      | XOM: silly message
  4013 | D:5      | XOM: mild Tloc miscast
  4096 | D:6      | Reached skill level 1 in Dodging
  4254 | D:6      | Reached skill level 10 in Axes
  4295 | D:6      | XOM: cast spell 'Summon Butterflies'
  4300 | D:6      | XOM: divination: detect creatures
  4304 | D:6      | Reached XP level 9. HP: 66/94 MP: 5/8
  4309 | D:6      | XOM: noise
  4317 | D:6      | XOM: noise
  4448 | D:6      | XOM: scenery: create altars
  4549 | D:6      | Found Hocve's Assorted Antiques.
  4557 | D:6      | Bought a scroll labeled HIDACU KAQAWK for 24 gold pieces
  4557 | D:6      | Bought a dented lapis lazuli amulet for 120 gold pieces
  4557 | D:6      | Bought a scroll labeled ZASAJU UPTAUH for 24 gold pieces
  4557 | D:6      | Bought a lumpy brown potion for 21 gold pieces
  4557 | D:6      | Bought a scroll labeled XUAMYX HAIDE for 24 gold pieces
  4599 | D:6      | Lost mutation: You are very robust. (+20% HP) [potion of
                  | mutation]
  4599 | D:6      | Lost mutation: You are robust. (+10% HP) [potion of
                  | mutation]
  4599 | D:6      | Lost mutation: You evolve. [potion of mutation]
  4599 | D:6      | Gained mutation: Your flesh is heat resistant. (rF+)
                  | [potion of mutation]
  4599 | D:6      | Gained mutation: You passively map a small area around you.
                  | [potion of mutation]
  4599 | D:6      | Gained mutation: You evolve. [potion of mutation]
  4746 | D:6      | Reached skill level 11 in Axes
  4936 | D:6      | XOM: mild Tloc miscast
  5027 | D:6      | Lost mutation: You have sharp toenails. [potion of
                  | mutation]
  5027 | D:6      | Lost mutation: You passively map a small area around you.
                  | [potion of mutation]
  5027 | D:6      | Lost mutation: You evolve. [potion of mutation]
  5027 | D:6      | Gained mutation: You are clumsy. (Dex -2) [potion of
                  | mutation]
  5027 | D:6      | Gained mutation: You have an increased reservoir of magic.
                  | (+10% MP) [potion of mutation]
  5194 | D:7      | XOM: scenery: create altars
  5248 | D:7      | XOM: swap monsters
  5518 | D:7      | Paralysed by fainting for 11 turns
  5646 | D:7      | Found a snail-covered altar of Cheibriados.
  5646 | D:7      | XOM: polymorph orc wizard -> shapeshifter
  5746 | D:7      | Found a runed translucent gate.
  5746 | D:7      | Noticed leszekd25's ghost (novice DsNe)
  5748 | D:7      | Found a runed translucent gate.
  5748 | D:7      | Found a runed translucent gate.
  5755 | D:7      | Reached skill level 12 in Axes
  5776 | D:7      | Killed leszekd25's ghost
  5776 | D:7      | Reached XP level 10. HP: 83/90 MP: 10/10
  5822 | D:7      | Found an iron altar of Okawaru.
  5995 | D:7      | XOM: divination: detect items
  6006 | D:7      | Identified the +5 mace "Dytus" {crush, Int+4}
  6051 | D:7      | Found Ufom's Jewellery Boutique.
  6136 | D:8      | Identified the +9 hand axe of Greatest Utility {protect,
                  | Str+4 Dex+3}
  6245 | D:8      | XOM: noise
  6275 | D:8      | Found a radiant altar of Vehumet.
  6289 | D:8      | Reached skill level 10 in Armour
  6380 | D:8      | Noticed a two-headed ogre
  6388 | D:8      | Killed a two-headed ogre
  6388 | D:8      | Reached skill level 13 in Axes
  6529 | D:8      | XOM: scenery: create altars
  6784 | D:9      | XOM: polymorph yak -> soldier ant
  6785 | D:9      | Noticed Erica
  6787 | D:9      | XOM: harmless Hex miscast
  6790 | D:9      | XOM: medium Hex miscast
  6817 | D:9      | Killed Erica
  6820 | D:9      | Reached skill level 14 in Axes
  6830 | D:9      | Reached skill level 10 in Fighting
  6884 | D:9      | XOM: fog
  6890 | D:9      | Reached XP level 11. HP: 60/99 MP: 11/11
  6936 | D:9      | Found a staircase to the Lair.
  7042 | D:9      | XOM: mild Chrm miscast
  7135 | D:9      | Found an ornate altar of the Wu Jian Council.
  7137 | D:9      | Found a stormy altar of Qazlal.
  7312 | D:9      | Found a staircase to the Orcish Mines.
  7330 | D:9      | XOM: god gift: 630 gold pieces
  7334 | D:9      | XOM: destruction
  7340 | D:9      | Noticed Joseph
  7343 | D:9      | Noticed Joseph
  7343 | D:9      | Joseph changed into Joseph the rime drake
  7343 | D:9      | XOM: polymorph Joseph -> Joseph the rime drake
  7351 | D:9      | Killed Joseph the rime drake
  7382 | D:9      | Lost mutation: You are clumsy. (Dex -2) [potion of
                  | mutation]
  7382 | D:9      | Lost mutation: You have an increased reservoir of magic.
                  | (+10% MP) [potion of mutation]
  7382 | D:9      | Gained mutation: You occasionally shout uncontrollably at
                  | your foes. [potion of mutation]
  7382 | D:9      | Gained mutation: You are agile. (Dex +2) [potion of
                  | mutation]
  7382 | D:9      | Gained mutation: Armour fits poorly on your strangely
                  | shaped body. [potion of mutation]
  7382 | D:9      | Gained mutation: You expend magic power (3 MP) to
                  | strengthen your wands. [potion of mutation]
  7632 | D:10     | Entered Level 10 of the Dungeon
  7756 | D:10     | XOM: harmless Fire miscast
  7866 | D:10     | XOM: harmless Conj miscast
  7871 | D:10     | Noticed a wizard
  7871 | D:10     | XOM: summons friendly ufetubus
  7880 | D:10     | XOM: noise
  7892 | D:10     | Noticed a wizard
  7896 | D:10     | Killed a wizard
  7901 | D:10     | Killed a wizard
  7950 | D:10     | Noticed a wizard
  7952 | D:10     | XOM: enchant monster (good)
  7977 | D:10     | Noticed a wizard
  7980 | D:10     | Killed a wizard
  7985 | D:10     | Found the +3 warlock's mirror {reflect}
  7986 | D:10     | Noticed a wizard
  7993 | D:10     | Killed a wizard
  7996 | D:10     | Killed a wizard
  8022 | D:10     | Noticed a wizard
  8026 | D:10     | XOM: blink monster(s)
  8030 | D:10     | Cast into level 2 of the Abyss (a wizard)
  8065 | Abyss:2  | Noticed a wretched star
  8068 | Abyss:2  | XOM: mild Necr miscast
  8118 | Abyss:2  | Found a shimmering blue altar of Sif Muna.
  8129 | Abyss:2  | Reached skill level 15 in Axes
  8149 | Abyss:2  | XOM: harmless Summ miscast
  8199 | Abyss:3  | Noticed an angel
  8209 | D:10     | Escaped the Abyss
  8212 | D:10     | Noticed a wizard
  8213 | D:10     | XOM: fake destruction
  8325 | D:10     | XOM: severe Tmut miscast
  8356 | D:10     | Gained mutation: You are weak. (Str -2) [mutagenic glow]
  8394 | D:10     | Lost mutation: You are agile. (Dex +2) [mutagenic glow]
  8440 | D:10     | Gained mutation: Potions are less effective at restoring
                  | your health. [mutagenic glow]
  8684 | D:10     | XOM: blink monster(s)
  8721 | D:10     | XOM: swap monsters
  8728 | D:10     | XOM: severe Hex miscast
  8729 | D:10     | XOM: mild Erth miscast
  8732 | D:10     | XOM: give mutation
  8732 | D:10     | Lost mutation: You are weak. (Str -2) [Xom's mischief]
  8735 | D:10     | XOM: repel stairs
  8741 | D:10     | Killed an angel
  8756 | D:10     | XOM: confusion (+ monsters)
  8761 | D:10     | Cast into level 2 of the Abyss (a wizard)
  8810 | Abyss:2  | XOM: enchant monster (bad)
  8822 | Abyss:2  | Noticed a tentacled starspawn
  8826 | Abyss:2  | XOM: enchant monster (bad)
  8839 | Abyss:2  | XOM: silly message
  8847 | Abyss:2  | XOM: cast spell 'Summon Butterflies'
  8851 | Abyss:2  | Found a corrupted altar of Lugonu.
  8857 | Abyss:2  | Noticed a wretched star
  8867 | Abyss:2  | Reached XP level 12. HP: 64/112 MP: 11/11
  8875 | Abyss:2  | Killed a tentacled starspawn
  8906 | Abyss:2  | Noticed a starcursed mass
  8911 | Abyss:2  | Found a corrupted altar of Lugonu.
  8937 | Abyss:2  | Killed a starcursed mass
  8955 | Abyss:2  | Killed a starcursed mass
  9177 | Abyss:2  | XOM: potion effect (brilliance)
  9191 | Abyss:2  | XOM: harmless Hex miscast
  9198 | Abyss:2  | XOM: confuse monster(s)
  9211 | Abyss:2  | XOM: give mutation
  9211 | Abyss:2  | Gained mutation: Scrolls take you a little longer to read.
                  | [Xom's mischief]
  9223 | Abyss:2  | XOM: divination: detect creatures
  9257 | Abyss:2  | XOM: enchant monster (good)
  9264 | Abyss:2  | XOM: cleaving
  9281 | Abyss:2  | Noticed a starcursed mass
  9290 | Abyss:2  | XOM: confuse monster(s)
  9300 | Abyss:2  | XOM: destruction
  9307 | Abyss:2  | Noticed an ophan
  9318 | Abyss:2  | Noticed a starcursed mass
  9326 | Abyss:2  | XOM: divine lightning
  9331 | Abyss:2  | XOM: confusion
  9368 | Abyss:2  | Noticed a cacodemon
  9368 | Abyss:2  | XOM: harmless Chrm miscast
  9372 | Abyss:2  | XOM: cast spell 'Discord'
  9373 | Abyss:2  | Gained mutation: You are occasionally teleported next to
                  | monsters. [a cacodemon]
  9378 | Abyss:2  | XOM: fake destruction
  9386 | Abyss:2  | Killed a cacodemon
  9393 | Abyss:2  | Reached skill level 16 in Axes
  9395 | Abyss:2  | Noticed a green draconian monk
  9397 | D:10     | Escaped the Abyss
  9401 | D:10     | Killed from afar by a wizard

Levels and vault maps discovered:
D:1:      moated_graveyard_arrival, layout_basic
D:2:      layout_loops_cross, overflow_temple_1_default, st_stairs_14
D:3:      layout_loops_cross
D:4:      layout_loops_ring, minmay_temple_entry_glass, first_ration,
          minmay_fire_ice_demons, uniq_grinder
D:5:      layout_rooms, nicolae_dithmenos_shadow_blocks, trog_eyes_of_draining,
          uniq_ijyb
D:6:      layout_loops_ring, serial_shops,
          nicolae_shop_competitors_out_of_business
D:7:      layout_basic, kennysheep_little_box, marbit_many_paths,
          gammafunk_ghost_split, serial_shops, nicolae_shop_trees
D:8:      layout_basic, fiery_altar_vehumet
D:9:      layout_loops_cross, nicolae_overflow_hidden_temple,
          minmay_lair_entry_grove, zombieorc2_lemuel, uniq_erica, uniq_joseph
D:10:     minmay_smoke_and_mirrors, layout_loops_corners
Temple:   minmay_freezing_vapour_temple

Skill      XL: |  1  2  3  4  5  6  7  8  9 10 11 12 |
---------------+-------------------------------------+-----
Armour         | 4 5 6 7 9 11 12 13 | 13.6
Fighting       | 4 5 6 7 8 10 12 13 | 13.1
Axes           | 3 4 5 6 8 10 12 14 15 16 | 16.0
Dodging        | 1 |  1.9
Shields        | |  3.6

Action                   |  1- 3 |  4- 6 |  7- 9 | 10-12 || total
-------------------------+-------+-------+-------+-------++-------
Melee: War axe           |    81 |   155 |   225 |    26 ||   487
       Headbutt          |    15 |    22 |    44 |   116 ||   197
       Kick              |       |       |    28 |       ||    28
       Hand axe          |       |       |       |   394 ||   394
Throw: Javelin           |       |     4 |     4 |     4 ||    12
  Use: Potion            |       |     1 |     7 |    12 ||    20
       Scroll            |       |       |    13 |     1 ||    14
 Stab: Confused          |       |       |       |     5 ||     5
       Invisible         |       |       |       |     4 ||     4
  Eat: Chunk             |     2 |     5 |     8 |    10 ||    25
       Ration            |       |       |     2 |     1 ||     3
Armor: Scale mail        |     9 |       |       |       ||     9
       Chain mail        |    57 |   115 |    83 |       ||   255
       Plate armour      |       |       |    45 |   197 ||   242
Dodge: Dodged            |    39 |    54 |    90 |   113 ||   296

Table legend:
 A = Non-vault XP
 B = Vault XP
 C = Vault XP percentage of total XP
 D = Non-vault monster count
 E = Vault monster count
 F = Vault count percentage of total count
                 A         B        C        D         E       F
            +---------+---------+-------+---------+---------+-------
      Total |   22890 |    8465 |  27.0 |     254 |      66 |  20.6
            +---------+---------+-------+---------+---------+-------
        D:1 |      27 |       0 |   0.0 |      15 |       0 |   0.0
        D:2 |      63 |       2 |   3.1 |      15 |       1 |   6.2
        D:3 |     395 |       0 |   0.0 |      39 |       0 |   0.0
        D:4 |     212 |     297 |  58.3 |       9 |       3 |  25.0
        D:5 |     765 |     283 |  27.0 |      18 |       5 |  21.7
        D:6 |    1631 |       0 |   0.0 |      26 |       0 |   0.0
        D:7 |    1406 |     979 |  41.0 |      33 |       5 |  13.2
        D:8 |    2234 |       0 |   0.0 |      23 |       0 |   0.0
        D:9 |     302 |    3627 |  92.3 |       8 |      47 |  85.5
       D:10 |    5064 |    3277 |  39.3 |      43 |       5 |  10.4
    Abyss:2 |   10791 |       0 |   0.0 |      25 |       0 |   0.0
            +---------+---------+-------+---------+---------+-------
